AoeStats
← [Massa] Edo

Hill Fort

504324645Analyzed
2v2 RM · 27d ago on Sep 4, 2026· 14m 2s· 4 players
Game mode
Random Map
Map size
Medium (4 player)
Population
200
Speed
Normal
Resources
Standard
Victory
Conquest
Starting age
Dark Age
Ending age
Imperial Age
RankedLock teamsTeams togetherTeam positionsShared explorationLock speedFull tech treeHidden civsTurbo modeCheats
Victory
Defeat
🇧🇷 Cumans · Brazil
1464
+14
🇧🇷 Bengalis · Brazil
1446
+15
🇪🇸 Ethiopians · Spain
1455
-16
🇨🇦 Persians · Canada
1396
-13
wiper
5:07 Loom
MoNK
6:50 Loom
9:24 Feudal Age
9:49 Double-Bit Axe
11:17 Town Watch
11:45 Fletching
tg
5:13 Loom
9:14 Feudal Age
13:10 Fletching
[Massa] Edo
6:39 Loom
8:50 Feudal Age
9:21 Double-Bit Axe
9:19 Horse Collar
Connection lost

Rejoining the realm…

Still unreachable

The connection could not be restored.

Session expired

The server has moved on; the page needs a fresh start.